 Dungeon Crawl Stone Soup version 0.29.1 (webtiles) character file.

Game seed: 10893008600069976595

455 RascalDebosk the Chopper (level 6, -2/56 HPs)
             Began as a Minotaur Berserker on Sept 12, 2022.
             Was a Believer of Trog.
             Slain by Edmund
             ... wielding a +4 dire flail of distortion
              (6 damage)
             ... on level 5 of the Dungeon.
             The game lasted 00:17:38 (3972 turns).

RascalDebosk the Chopper (Minotaur Berserker)       Turns: 3972, Time: 00:17:39

Health: -2/56      AC: 13    Str: 22    XL:     6   Next: 76%
Magic:  5/5        EV:  6    Int:  6    God:    Trog [**....]
Gold:   172        SH:  3    Dex: 15    Spells: 5/5 levels left

rFire   . . .      SeeInvis .   h - +0 war axe
rCold   . . .      Faith    .   s - +0 buckler
rNeg    . . .      Spirit   .   d - +0 plate armour
rPois   .          Reflect  .   (helmet restricted)
rElec   .          Harm     .   (no cloak)
rCorr   .          Rampage  .   w - +0 pair of gloves
Will    ++...                   (no boots)
Stlth   ..........              (no amulet)
HPRegen 1.18/turn               A - +6 ring of dexterity
MPRegen 0.09/turn               (no ring)

@: strong-willed (expiring), on berserk cooldown, regenerating (expiring),
slowed, very slow
A: horns 2, retaliatory headbutt
a: Renounce Religion, Berserk, Trog's Hand


You were on level 5 of the Dungeon.
You worshipped Trog.
Trog was pleased with you.
You visited 1 branch of the dungeon, and saw 5 of its levels.

You collected 207 gold pieces.
You spent 35 gold pieces at shops.

Inventory:

Hand Weapons
 a - a +0 hand axe
 h - a +0 war axe (weapon)
Missiles
 i - 5 boomerangs (quivered)
 k - 9 poisoned darts
Armour
 d - a +0 plate armour (worn)
 q - a scarf of invisibility
 s - a +0 buckler (worn)
 w - a +0 pair of gloves (worn)
Jewellery
 A - a +6 ring of dexterity (left hand)
Wands
 v - a wand of digging (5)
 z - a wand of iceblast (6)
Scrolls
 c - a scroll of vulnerability {unknown}
 f - 2 scrolls of teleportation {unknown}
 m - a scroll of enchant armour {unknown}
 n - a scroll of blinking {unknown}
 o - 4 scrolls of identify {unknown}
 p - 4 scrolls of enchant weapon {unknown}
 t - a scroll of magic mapping {unknown}
 y - 2 scrolls of noise {unknown}
 B - a scroll of poison {unknown}
Potions
 b - 2 potions of haste {unknown}
 e - 2 potions of flight {unknown}
 g - 3 potions of curing {unknown}
 j - a potion of cancellation {unknown}
 l - a potion of attraction {unknown}
 r - 2 potions of berserk rage
 u - a potion of heal wounds {unknown}
 x - a potion of degeneration {unknown}


   Skills:
 + Level 5.1 Fighting
 + Level 5.3 Axes
 + Level 2.9 Throwing
 + Level 4.4 Armour
 - Level 2.1 Dodging
 + Level 2.6 Evocations


You had 5 spell levels left.
You didn't know any spells.
Your spell library was empty.

Dungeon Overview and Level Annotations

Branches:
Dungeon (5/15)
 Temple: D:4-7

Altars:
Elyvilon
Hepliaklqana
Wu Jian

Shops:
D:1 ([(((

Portals:
Abyss: D:3

Annotations:
D:3 mortz's ghost, amateur HOFi
D:5 Edmund


Innate Abilities, Weirdness & Mutations

You have a pair of horns on your head.
You reflexively headbutt those who attack you in melee.


Message History

Edmund is moderately wounded.
Edmund hits you with a +4 dire flail of distortion!
Space warps around you.
You barely miss Edmund.
Edmund is moderately wounded.
Edmund hits you with a +4 dire flail of distortion!
You slash Edmund!
Edmund is heavily wounded.
Edmund hits you with a +4 dire flail of distortion!
You blink.
Found a scroll labelled CUXYKO RINERIN.
You feel a strong urge to attack something.
You are no longer berserk.
You are exhausted.
You feel yourself slow down. Edmund barely misses you.
You barely miss Edmund.
Edmund is heavily wounded.
Edmund hits you but does no damage.
You blink.
You closely miss Edmund. You headbutt Edmund, but do no damage.
Edmund is heavily wounded.
Edmund hits you with a +4 dire flail of distortion.
Space warps around you.
Edmund hits you with a +4 dire flail of distortion.
Space warps around you.
You hit Edmund.
Edmund is heavily wounded.
Edmund hits you with a +4 dire flail of distortion!
Space warps around you. Edmund hits you but does no damage.
Space warps around you.
You completely miss Edmund.
Edmund is heavily wounded.
Edmund hits you but does no damage. Space warps around you.
Edmund hits you with a +4 dire flail of distortion!
* * * LOW HITPOINT WARNING * * *
Space warps around you.
* * * LOW HITPOINT WARNING * * *
It was a potion of berserk rage.
You're still recovering from your berserk rage.
You feel the effects of Trog's Hand fading.
Edmund hits you with a +4 dire flail of distortion.
You die...

#.####.# #.# #.#
#.# #.# #.# #.#
#.#
#.############
#.#
#.#....!.....#
#.#
#.#..........#
#.#
#.#..........####
#.#
#.#....@@........
#.#
#.##........?....
#.#
#.##.###.........
#.#
#...>..#.........
#.#
######.#.........
#.# ...........
#.# # #..########
#.######.# ##.#
#........# #.#


You could see Edmund.

Vanquished Creatures
  An ogre (D:4)
  A phantom (D:5)
  A necrophage (D:4)
  2 orc priests (D:4)
  2 orc wizards
  4 adders
  2 dart slugs (D:1)
  10 orcs
  10 endoplasms
  9 giant cockroaches
  2 goblins
  3 hobgoblins (D:1)
  7 jackals
  7 ball pythons
  7 bats
  5 frilled lizards
  6 kobolds
  4 rats
83 creatures vanquished.

Notes
Turn   | Place    | Note
-------+----------+-------------------------------------------
     0 | D:1      | RascalDebosk the Minotaur Berserker began the quest for the
                  | Orb.
     0 | D:1      | Reached XP level 1. HP: 19/19 MP: 0/0
    66 | D:1      | Found Cyomemie's Weapon Boutique.
   205 | D:1      | Found Coomeg's Antique Armour Emporium.
   215 | D:1      | Reached XP level 2. HP: 18/27 MP: 1/1
   460 | D:1      | Reached skill level 1 in Throwing
   622 | D:1      | Found Buwouw's Weapon Shoppe.
   627 | D:1      | Bought a +0 war axe for 35 gold pieces
   635 | D:1      | Reached XP level 3. HP: 31/33 MP: 2/2
   654 | D:1      | Reached ** piety under Trog
   770 | D:1      | Found Cuaklyc's Antique Weapon Emporium.
   809 | D:1      | Found Usi Lis's Weapon Shoppe.
   812 | D:1      | Reached skill level 1 in Evocations
  1668 | D:2      | Reached XP level 4. HP: 23/38 MP: 3/3
  1982 | D:3      | Found a faded altar of an unknown god.
  2034 | D:3      | Found a one-way gate to the infinite horrors of the Abyss.
  2034 | D:3      | Noticed mortz's ghost (amateur HOFi)
  2038 | D:3      | Found a transporter.
  2042 | D:3      | Noticed a small abomination
  2179 | D:3      | Found a transporter.
  2208 | D:3      | Noticed a small abomination
  2732 | D:3      | Found a hazy altar of Hepliaklqana.
  2954 | D:4      | Found an ornate altar of the Wu Jian Council.
  2972 | D:4      | Reached XP level 5. HP: 36/47 MP: 4/4
  3216 | D:4      | Found a white marble altar of Elyvilon.
  3365 | D:4      | Noticed an ogre
  3372 | D:4      | Killed an ogre
  3373 | D:4      | Reached skill level 5 in Axes
  3373 | D:4      | Reached XP level 6. HP: 50/55 MP: 5/5
  3522 | D:4      | Reached skill level 5 in Fighting
  3829 | D:5      | Entered Level 5 of the Dungeon
  3957 | D:5      | Noticed Edmund
  3971 | D:5      | HP: 2/56 [Edmund/+4 dire flail of distortion (4)]
  3972 | D:5      | Slain by Edmund

Illustrated notes

Levels and vault maps discovered:
D:1:      beargit_arrival_diablo_church, layout_loops_cross, serial_shops, shop,
          nicolae_shop_bloodbath_and_beyond, shop, nicolae_square_shop, shop,
          minmay_unequal
D:2:      layout_rooms, minmay_surrounded
D:3:      layout_basic, nicolae_hepliaklqana_hazy_memory,
          gammafunk_ghost_abyssal_escape, shapermc_ecumenical_altar_rom_forum,
          minmay_tree_intersection
D:4:      layout_cave_pools, elyvilon_altar_3, nicolae_wu_jian_wuxing_cycle
D:5:      layout_basic, ebering_ghost_rock_garden, uniq_edmund

Skill      XL: |  1  2  3  4  5  6 |
---------------+-------------------+-----
Axes           | 4 5 |  5.3
Throwing       | 1 2 |  2.9
Fighting       | 4 5 |  5.1
Evocations     | 1 2 |  2.6
Armour         | 3 4 |  4.4
Dodging        | |  2.1

Action                   |  1- 3 |  4- 6 || total
-------------------------+-------+-------++-------
Melee: Hand axe          |    39 |       ||    39
       Headbutt          |    22 |     9 ||    31
       War axe           |    51 |    88 ||   139
       Punch             |     1 |       ||     1
Throw: Boomerang         |       |     4 ||     4
Invok: Berserk           |       |     5 ||     5
       Trog's Hand       |       |     1 ||     1
  Use: Potion            |       |     1 ||     1
Armor: Plate armour      |    54 |    66 ||   120
       Animal skin       |     1 |       ||     1
Dodge: Dodged            |    42 |    36 ||    78
Block: Buckler           |       |     8 ||     8
